AoeStats
← ForestGump29113

Black Forest

507806187Analyzed
3v3 RM · 14d ago on Sep 19, 2026· 60m 0s· 6 players
Game mode
Random Map
Map size
Normal (6 player)
Population
200
Speed
Normal
Resources
Standard
Victory
Conquest
Starting age
Dark Age
Ending age
Imperial Age
RankedLock teamsTeams togetherTeam positionsShared explorationLock speedFull tech treeHidden civsTurbo modeCheats
Victory
Defeat
672
+11
🇪🇸 Teutons · Spain
654
+12
🇹🇷 Bohemians · Türkiye
522
+17
🇩🇪 Vietnamese · Germany
588
-15
🇺🇸 Byzantines · United States
547
-13
🇩🇪 Hindustanis · Germany
533
-12
ForestGump29113
0:28 Loom
15:15 Feudal Age
17:09 Gold Mining
17:05 Horse Collar
17:18 Double-Bit Axe
20:16 Stone Mining
26:28 Castle Age
25:33 Fletching
25:45 Padded Archer Armor
26:27 Scale Mail Armor
26:39 Forging
27:24 Heavy Plow
27:53 Bow Saw
29:46 Bodkin Arrow
30:48 Gold Shaft Mining
30:50 Stone Shaft Mining
32:10 Fortified Wall
31:41 Treadmill Crane
31:55 Guard Tower
33:20 Wheelbarrow
35:37 Husbandry
36:08 Hand Cart
37:43 Murder Holes
38:11 Ballistics
38:01 Thumb Ring
38:22 Leather Archer Armor
37:38 Crossbowman
39:10 Arson
39:47 Scale Barding Armor
40:55 Iron Casting
41:29 Pikeman
42:12 Squires
41:58 Gambesons
42:32 Chain Mail Armor
49:44 Imperial Age
49:49 Chain Barding Armor
49:50 Arbalester
53:03 Arbalester
56:26 Chemistry
56:01 Crop Rotation
Komparse
0:59 Loom
11:44 Feudal Age
12:14 Double-Bit Axe
12:14 Horse Collar
13:47 Arson
17:38 Wheelbarrow
18:57 Stone Mining
18:59 Gold Mining
25:26 Castle Age
26:19 Bow Saw
26:13 Heavy Plow
28:02 Forging
27:53 Scale Mail Armor
27:58 Scale Barding Armor
27:44 Fletching
27:54 Padded Archer Armor
29:14 Gold Shaft Mining
29:14 Stone Shaft Mining
31:26 Caravan
31:56 Coinage
30:53 Pikeman
31:34 Squires
32:14 Iron Casting
31:54 Chain Mail Armor
32:00 Chain Barding Armor
33:16 Hand Cart
32:47 Town Watch
33:29 Ballistics
37:32 Imperial Age
35:39 Bodkin Arrow
36:00 Leather Archer Armor
39:39 Chemistry
40:03 Blast Furnace
39:39 Plate Barding Armor
39:04 Bracer
39:35 Ring Archer Armor
41:27 Husbandry
41:38 Bloodlines
40:49 Heavy Camel Rider
41:25 Siege Elephant
43:44 Imperial Camel Rider
44:47 Grand Trunk Road
44:48 Shatagni
45:15 Conscription
48:52 Hoardings
user
0:54 Loom
14:21 Feudal Age
14:52 Double-Bit Axe
15:01 Fishing Lines
15:06 Horse Collar
17:14 Gold Mining
23:21 Castle Age
24:59 Bow Saw
28:47 Stone Mining
29:33 Heavy Plow
30:26 Wheelbarrow
29:52 Gillnets
32:08 Hand Cart
37:54 Imperial Age
36:46 Town Watch
38:12 Stone Shaft Mining
39:29 Town Patrol
39:42 Caravan
40:02 Forging
41:03 Chemistry
40:24 Ballistics
40:39 Pikeman
40:39 Elite Fire Lancer
41:44 Elite Battle Elephant
43:03 Iron Casting
42:34 Scale Barding Armor
42:29 Scale Mail Armor
44:17 Halberdier
45:22 Chain Barding Armor
44:52 Fletching
45:02 Padded Archer Armor
44:59 Crossbowman
45:45 Thumb Ring
48:58 Elite Rattan Archer
49:55 Leather Archer Armor
49:35 Bodkin Arrow
50:15 Plate Barding Armor
49:55 Chain Mail Armor
52:20 Paper Money
52:01 Chatras
51:36 Elite Skirmisher
filx3000p
0:34 Loom
12:29 Feudal Age
14:00 Wheelbarrow
14:32 Double-Bit Axe
17:35 Gold Mining
17:41 Stone Mining
22:05 Castle Age
22:27 Pikeman
24:27 Caravan
26:37 Horse Collar
31:27 Heavy Plow
35:16 Imperial Age
34:08 Hand Cart
36:04 Bow Saw
38:06 Crop Rotation
37:06 Elite Teutonic Knight
37:09 Halberdier
38:48 Conscription
39:43 Chemistry
40:34 Scale Mail Armor
41:55 Squires
41:41 Arson
41:54 Cavalier
46:16 Fortified Wall
45:58 Heated Shot
46:32 Chain Mail Armor
46:28 Forging
46:24 Scale Barding Armor
Гроза Крипов
13:27 Feudal Age
15:48 Horse Collar
16:01 Double-Bit Axe
16:54 Wheelbarrow
16:15 Gold Mining
16:15 Stone Mining
23:47 Castle Age
24:56 Bow Saw
25:06 Hand Cart
25:23 Heavy Plow
25:30 Crossbowman
28:29 Treadmill Crane
29:09 Ballistics
28:43 Fletching
33:02 Padded Archer Armor
32:58 Bodkin Arrow
34:07 Stone Shaft Mining
33:31 Murder Holes
33:52 Squires
33:38 Arson
34:18 Fortified Wall
34:47 Silk Road
38:46 Imperial Age
36:34 Caravan
37:10 Leather Archer Armor
38:43 Forging
38:34 Scale Mail Armor
40:04 Crop Rotation
40:41 Two-Man Saw
40:46 Chemistry
40:24 Iron Casting
40:18 Conscription
42:02 Thumb Ring
42:59 Pirotechnia
44:27 Elite Genoese Crossbowman
49:42 Bracer
50:13 Ring Archer Armor
50:43 Blast Furnace
49:59 Chain Mail Armor
59:57 Spies/Treason
emrecankurttt54
1:11 Loom
16:22 Feudal Age
18:32 Horse Collar
18:36 Fishing Lines
22:24 Castle Age
21:24 Double-Bit Axe
24:21 Forging
24:11 Scale Mail Armor
25:24 Heavy Plow
25:18 Gillnets
25:44 Bow Saw
30:51 Wheelbarrow
30:03 Town Watch
30:22 Caravan
34:35 Chemistry
33:17 Treadmill Crane
37:11 Imperial Age
38:50 Town Patrol
39:07 Hand Cart
39:32 Iron Casting
39:13 Chain Mail Armor
39:11 Guilds
39:05 Man-at-Arms
39:08 Pikeman
39:48 Squires
39:34 Arson
40:17 Redemption
40:30 Bombard Tower
41:19 Two-Man Saw
43:20 Blast Furnace
42:51 Plate Mail Armor
43:04 Coinage
42:25 Long Swordsman
42:25 Halberdier
42:30 Houfnice
42:33 Capped Ram
43:07 Two-Handed Swordsman
46:26 Banking
47:52 Champion
58:24 Fletching
58:35 Padded Archer Armor
58:40 Scale Barding Armor
58:58 Ballistics
58:28 Guard Tower
58:24 Arrowslits
58:44 Siphons
58:50 Fortified Wall
58:35 Murder Holes
58:46 Siege Engineers
58:51 Careening
58:53 Masonry
58:54 Clinker Construction
58:57 Medium Warships
58:08 Demolition Ship
58:08 Elite Cannon Galleon
58:19 Elite Hussite Wagon
59:05 Wagenburg Tactics
58:30 Sappers
59:20 Conscription
59:08 Hussite Reforms
58:26 Spies/Treason
58:30 Crossbowman
58:31 Elite Skirmisher
58:49 Onager
58:57 Heavy Scorpion
Connection lost

Rejoining the realm…

Still unreachable

The connection could not be restored.

Session expired

The server has moved on; the page needs a fresh start.